Map: Berlingrad LE

Players

RustyShacky - Winner!

  • Race: Terran Terran
  • League: Platinum

Lllllluke

  • Race: Protoss Protoss
  • League: Gold

VOD

Have the link to the VOD?

Description

Time

  • Played on: Feb. 5, 2022, 11:10 a.m.
  • Length: 13:40
Show
View Real Time Build Order
Export as new Build Order

RustyShacky Terran - Winner!

Build Orders:  

Get SALT Encoding   

  12  0:00  SCV  
  13  0:12  SCV  
  14  0:17  Supply Depot  
  14  0:24  SCV  
  15  0:39  Barracks, SCV  
  16  0:45  Refinery  
  16  0:51  SCV  
  17  1:03  SCV  
  18  1:15  SCV  
  19  1:28  Marine, Orbital Command  
  20  1:41  Command Center  
  20  1:47  Barracks Reactor  
  20  1:55  Supply Depot  
  20  1:59  SCV  
  21  2:09  Factory  
  21  2:13  SCV  
  22  2:24  Marine x2  
  22  2:26  Bunker  
  22  2:29  SCV  
  25  2:38  Refinery  
  25  2:41  SCV  
  26  2:53  SCV  
  26  2:55  Factory Tech Lab  
  26  2:57  Starport  
  28  3:01  Orbital Command  
  27  3:11  SCV  
  28  3:20  Siege Tank  
  28  3:23  SCV  
  32  3:31  SCV  
  35  3:35  SCV  
  35  3:36  Viking  
  36  3:43  SCV  
  36  3:47  Barracks x2, SCV  
  38  4:02  Supply Depot, SCV x2  
  40  4:05  Siege Tank  
  40  4:07  Marine x2  
  45  4:14  SCV  
  46  4:18  Starport Tech Lab  
  46  4:23  Engineering Bay, SCV  
  47  4:26  Supply Depot, SCV  
  47  4:31  Supply Depot  
  48  4:35  SCV  
  50  4:38  SCV  
  50  4:47  Factory Tech Lab  
  50  4:48  Marine, SCV  
  50  4:49  Marine  
  50  4:50  SCV  
  50  4:52  Stimpack  
  54  4:53  Marine x2  
  54  4:55  Terran Infantry Weapons Level 1  
  56  5:00  SCV  
  56  5:01  Supply Depot  
  56  5:05  SCV  
  56  5:06  Marine x2  
  60  5:08  Siege Tank  
  60  5:11  Marine  
  60  5:12  SCV  
  65  5:15  Starport Reactor  
  65  5:17  Marine  
  66  5:24  Marine x2  
  66  5:25  Supply Depot  
  66  5:26  SCV x2  
  70  5:31  Refinery  
  70  5:32  Refinery  
  70  5:36  Supply Depot  
  70  5:37  Supply Depot  
  70  5:38  SCV x2  
  72  5:44  Siege Tank  
  72  5:46  Command Center  
  72  5:47  Marauder  
  79  5:50  Marauder, Marine  
  79  5:51  Marine  
  81  6:04  Supply Depot  
  81  6:09  SCV  
  82  6:11  SCV  
  82  6:14  Marauder x2  
  82  6:16  Medivac  
  89  6:18  Marine x2  
  89  6:21  Siege Tank, SCV  
  95  6:27  SCV  
  96  6:35  Marine x2  
  96  6:36  Combat Shield  
  96  6:38  Marine x2  
  100  6:42  Concussive Shells  
  100  6:49  Barracks  
  100  6:51  Barracks  
  100  6:52  Marine  
  100  6:53  Marine, SCV x2  
  104  6:56  Marine x2, Siege Tank  
  104  6:58  Medivac  
  111  7:04  Supply Depot x2  
  111  7:05  SCV x2  
  111  7:06  Orbital Command  
  111  7:08  Supply Depot  
  112  7:17  SCV  
  113  7:23  SCV  
  113  7:25  Marauder x2  
  113  7:26  Orbital Command  
  113  7:27  Medivac  
  113  7:28  Siege Tank  
  113  7:29  Marine x2, SCV  
  126  7:38  SCV  
  126  7:41  Barracks Tech Lab, SCV  
  126  7:42  Barracks Reactor  
  128  7:46  Marine x2, Marauder  
  128  7:47  Marine  
  133  7:58  Medivac  
  135  7:59  SCV x3  
  135  8:04  Marine x2, Siege Tank, Marauder  
  145  8:08  Marauder  
  145  8:11  SCV  
  148  8:22  Marine, Marauder  
  148  8:26  Marauder, Medivac  
  155  8:29  Marauder  
  155  8:30  Refinery x2  
  157  8:42  Marine x3  
  157  8:44  SCV x3  
  157  8:45  Marauder  
  157  8:53  Marauder x2  
  157  8:54  Siege Tank, Barracks x2  
  157  8:55  Supply Depot  
  153  8:56  SCV  
  153  8:58  Command Center  
  131  9:05  Marine x4  
  131  9:06  Marine  
  126  9:14  Marine  
  124  9:18  SCV x3  
  127  9:30  SCV x2  
  129  9:40  Marauder x3, Marine x4  
  129  9:41  Siege Tank  
  129  9:42  Medivac x2  
  146  9:47  Barracks Tech Lab, Barracks Reactor  
  146  9:50  Terran Infantry Armor Level 1  
  146  9:53  Armory  
  146  9:54  Engineering Bay  
  146  9:58  Marine x4, SCV  
  146  9:59  SCV x2  
  153  10:01  Marine x2, Marauder  
  157  10:11  SCV  
  157  10:13  Marauder  
  160  10:16  Marine x4  
  160  10:19  Marauder x2  
  168  10:22  Factory  
  168  10:23  Marauder  
  168  10:24  Siege Tank  
  168  10:26  Viking x2  
  168  10:27  Marine x2, Starport  
  179  10:33  Marine  
  180  11:00  Marine x2  
  180  11:02  Marine x2  
  180  11:04  Marine x2  
  180  11:05  Marine x4  
  180  11:10  Siege Tank  
  180  11:11  Medivac x2  
  156  11:13  Planetary Fortress  
  156  11:18  Marine  
  144  11:19  Marauder, Terran Infantry Weapons Level 2  
  144  11:20  Marine  
  144  11:23  Terran Vehicle Weapons Level 1  
  137  11:32  Marauder, Marine  
  135  11:33  Marine x5  
  135  11:36  Marauder  
  135  11:38  Marauder  
  135  11:39  Factory Tech Lab  
  145  11:40  Missile Turret, Marauder  
  145  11:41  Medivac x2, Starport Reactor  
  145  11:42  Siege Tank  
  154  11:50  Marine x3  
  154  11:51  Marine x3  
  154  11:54  Marauder  
  162  11:58  Marauder  
  162  12:00  Marauder  
  165  12:01  Marauder  
  165  12:08  Marine  
  164  12:14  Refinery  
  164  12:15  Marauder  
  152  12:19  Refinery  
  126  12:32  Marauder x3  
  126  12:36  Marauder  
  131  12:45  SCV x3  
  131  12:49  Command Center  
  134  12:51  Command Center  
  134  12:53  Marauder  
  134  12:54  Marauder x2  
  134  12:57  SCV  
  141  13:04  Marauder  
  141  13:05  Siege Tank  
  146  13:07  Siege Tank  
  146  13:08  Medivac  
  146  13:09  Medivac  
  157  13:15  Marauder x3  
Show
View Real Time Build Order
Export as new Build Order

Lllllluke Protoss 

Build Orders: Blink Stalkers 

Get SALT Encoding   

  12  0:00  Probe  
  13  0:16  Pylon  
  13  0:20  Probe  
  14  0:35  Gateway  
  14  0:37  Probe  
  14  0:42  Assimilator  
  15  0:49  Probe (Chrono Boost)  
  16  1:00  Probe (Chrono Boost)  
  17  1:06  Probe (Chrono Boost)  
  18  1:17  Probe  
  19  1:24  Cybernetics Core  
  19  1:29  Probe  
  20  1:47  Nexus  
  20  1:55  Pylon  
  20  1:56  Stalker  
  20  1:57  Warp Gate (Chrono Boost)  
  22  2:12  Assimilator  
  22  2:13  Probe  
  23  2:25  Probe  
  23  2:27  Gateway  
  24  2:35  Stalker  
  26  2:44  Probe  
  27  2:56  Probe  
  28  3:01  Twilight Council  
  28  3:03  Probe  
  29  3:08  Probe  
  30  3:15  Probe  
  31  3:20  Probe  
  31  3:24  Robotics Facility  
  32  3:33  Probe x2  
  34  3:36  Stalker x2  
  38  3:45  Probe x2  
  40  3:53  Blink (Chrono Boost)  
  40  3:57  Probe x2  
  40  4:01  Pylon  
  42  4:09  Probe  
  43  4:19  Nexus  
  43  4:20  Pylon  
  43  4:21  Probe  
  43  4:22  Probe  
  45  4:25  Observer  
  46  4:34  Probe  
  46  4:36  Probe  
  46  4:38  Assimilator  
  48  4:46  Probe  
  48  4:48  Probe  
  48  4:49  Gateway x2  
  50  5:04  Warp Prism  
  52  5:19  Probe x2  
  52  5:20  Gateway  
  54  5:21  Gateway  
  54  5:23  Gateway  
  54  5:26  Assimilator  
  54  5:31  Probe x2  
  54  5:34  Pylon  
  56  5:38  Pylon  
  56  5:43  Probe x2  
  56  5:45  Stalker x3  
  56  5:48  Charge (Chrono Boost)  
  64  5:55  Probe  
  65  6:00  Zealot  
  67  6:05  Gateway  
  67  6:13  Probe x3  
  67  6:15  Zealot x3  
  76  6:27  Pylon, Zealot x2  
  76  6:28  Pylon  
  76  6:29  Zealot  
  76  6:31  Pylon  
  82  6:33  Probe x2  
  84  6:47  Robotics Facility, Robotics Bay  
  84  6:48  Probe x3  
  84  6:52  Zealot  
  89  7:00  Probe  
  90  7:05  Forge x2  
  90  7:06  Zealot x3  
  96  7:15  Zealot x3  
  102  7:20  Zealot x2  
  106  7:28  Pylon, Protoss Ground Weapons Level 1 (Chrono Boost)  
  106  7:30  Zealot x2, Protoss Ground Armor Level 1 (Chrono Boost)  
  106  7:31  Pylon  
  106  7:35  Zealot  
  112  7:43  Colossus (Chrono Boost)  
  112  7:48  Colossus (Chrono Boost)  
  124  8:02  Extended Thermal Lance (Chrono Boost)  
  123  8:15  Zealot x5  
  133  8:21  Pylon  
  133  8:22  Pylon  
  133  8:23  Pylon  
  139  8:42  Colossus (Chrono Boost)  
  97  8:57  Zealot x8  
  102  9:04  Assimilator  
  92  9:18  Zealot x6  
  104  9:27  Warp Prism (Chrono Boost)  
  104  9:28  Colossus (Chrono Boost)  
  96  9:42  Zealot x5  
  106  9:51  Protoss Ground Weapons Level 2  
  106  9:52  Protoss Ground Armor Level 2  
  106  9:58  Stalker x2  
  110  10:03  Probe x3  
  113  10:11  Stalker x2  
  117  10:15  Probe x2  
  117  10:17  Probe  
  120  10:36  Nexus  
  120  10:37  Pylon  
  119  10:52  Stalker x7  
  119  10:54  Zealot  
  85  11:14  Zealot  
  85  11:15  Zealot x4  
  95  11:41  Probe  
  95  11:44  Nexus  
  95  11:45  Pylon  
  96  12:11  Zealot x6  
  54  12:36  Zealot x5  
  58  12:46  Zealot x2  
  62  12:52  Colossus (Chrono Boost)  
  68  13:02  Probe  
  68  13:03  Probe x2  
  71  13:15  Probe  
  78  13:21  Templar Archives  
  78  13:25  Probe x3  
  78  13:27  Probe  
Tags
 
Add a new tag
Caveats
  • Supply blocks, unpowered buildings, or Contaminate may cause inaccurate times.
  • Supply counts are checked every 10 seconds.